cohdb
Replays
Latest Replays
All Replays
Popular Replays
Top Player Replays
Match Explorer
How It Works
Community
CoH3 Stats
Reddit
Sign in to upload your games and track your stats! →
Sign in with Steam
Match 47022609
Unlisted
Match 47022609
Overview
Messages
Build Orders
End
Construct Barracks
Selects Heavy Weapons
Engineer Squad
Engineer Squad
Construct Weapon Support Center
M1919 Machine Gun Team
M1919 Machine Gun Team
M1919 Machine Gun Team
Selects M2HB .50cal Heavy Machine Gun
M1919 Machine Gun Team
Construct Medical Station
Mechanized Support Center
Bazooka Squad
Bazooka Squad
Construct Tank Depot
Selects Assault Carriers
Selects Halftrack Strongpoints
M4A1 Sherman Medium Tank
Voltage
Sad Pepe
0
0
Comments
sign in to comment!
No comments posted yet!